 Dungeon Crawl Stone Soup version 0.25.0-37-gb73750e0fb (webtiles) character file.

Game seed: 15267947744772125116

119 gruber the Twirler (level 4, 0/37 HPs)
             Began as a Minotaur Gladiator on July 8, 2020.
             Slain by Eustachio
             ... wielding a +0 rapier of speed
              (1 damage)
             ... on level 5 of the Dungeon.
             The game lasted 00:01:10 (2198 turns).

gruber the Twirler (Minotaur Gladiator)             Turns: 2198, Time: 00:01:11

Health: 0/37       AC:  3    Str: 19      XL:     4   Next: 74%
Magic:  3/3        EV: 12    Int:  5      God:
Gold:   189        SH:  0    Dex: 10 (12) Spells: 3/3 levels left

rFire    . . .     SeeInvis .   a - +0 quarterstaff
rCold    . . .     Gourm    .   (shield currently unavailable)
rNeg     . . .     Faith    .   b - +0 leather armour
rPois    .         Spirit   .   c - +0 hat
rElec    .         Reflect  .   (no cloak)
rCorr    .         Harm     .   (no gloves)
MR       .....                  (no boots)
Stlth    +.........             (no amulet)
HPRegen  0.12/turn              (no ring)
MPRegen  0.08/turn              (no ring)

@: no status effects
A: retaliatory headbutt, horns 2
a: no special abilities


You were on level 5 of the Dungeon.
You were not hungry.

You visited 1 branch of the dungeon, and saw 4 of its levels.

You collected 189 gold pieces.

Inventory:

Hand Weapons
 a - a +0 quarterstaff (weapon)
Missiles
 d - 3 throwing nets (quivered)
Armour
 b - a +0 leather armour (worn)
 c - a +0 hat (worn)
Jewellery
 h - a +6 ring of dexterity {unknown}
 i - an uncursed amulet of regeneration {unknown}
Scrolls
 e - 2 scrolls of remove curse {unknown}
 g - a scroll of fog {unknown}
 k - 2 scrolls of identify {unknown}
 l - 2 scrolls of teleportation {unknown}
 n - a scroll of enchant weapon {unknown}
 p - a scroll of magic mapping {unknown}
Potions
 m - 2 potions of mutation {unknown}
 o - 3 potions of degeneration {unknown}
Comestibles
 f - 5 rations
 j - a chunk of flesh


   Skills:
 - Level 2.4 Fighting
 + Level 6.7 Staves
 - Level 2.0 Throwing
 - Level 3.2 Dodging


You had 3 spell levels left.
You didn't know any spells.
Your spell library was empty.

Dungeon Overview and Level Annotations

Branches:
Dungeon (3/15)

Altars:
Trog

Annotations:
D:5 Eustachio


Innate Abilities, Weirdness & Mutations

You reflexively headbutt those who attack you in melee.
You have a pair of horns on your head.


Message History

Unknown command.
The leopard gecko hisses angrily.
Eustachio gestures wildly while chanting.
Eustachio blinks!
The crimson imp blinks!
The river rat barely misses you. You furiously retaliate!
You headbutt the river rat, but do no damage.
The quasit bites you.
* * * LOW HITPOINT WARNING * * *
You feel clumsy. The quasit claws you.
* * * LOW HITPOINT WARNING * * *
You feel clumsy. The quasit barely misses you.
Unknown command.
Unknown command.
Unknown command.
You aren't carrying any items that you can evoke.
The leopard gecko bites you but does no damage.
Eustachio hits you with a +0 rapier of speed.
You die...

......######....#
####..# #.......# ...
......# #.......# ...
###.#.# #.......# .$..
#.<#'###...5ยง..# .....
##.....#....5..###.....
+...|.#...$...........
#.....#......5.l......
#####.#.....rr@.......
#..###+#%r@..(....
##.## #.....##... #..#
#.....# .. ##.# #.....#
#.. #.....# ##.#
#.....# .. ####### #..


You could see Eustachio (fast), an iron imp (summoned), a quasit (summoned), a
crimson imp (summoned), 2 river rats, a leopard gecko and a quokka (summoned).

Vanquished Creatures
  A worker ant (D:5)
  4 adders
  An ooze (D:3)
  2 worms (D:2)
  2 dart slugs (D:2)
  An orc (D:3)
  4 giant cockroaches
  6 goblins
  2 hobgoblins (D:1)
  6 jackals (D:2)
  A quokka (D:2)
  6 bats
  5 kobolds
  2 rats
43 creatures vanquished.

Notes
Turn   | Place    | Note
-------+----------+-------------------------------------------
     0 | D:1      | gruber the Minotaur Gladiator began the quest for the Orb.
     0 | D:1      | Reached XP level 1. HP: 18/18 MP: 0/0
   191 | D:1      | Reached skill level 4 in Staves
   298 | D:1      | Reached XP level 2. HP: 25/25 MP: 1/1
   995 | D:2      | Reached skill level 5 in Staves
  1106 | D:2      | Reached XP level 3. HP: 24/30 MP: 2/2
  1195 | D:2      | Found a faded altar of an unknown god.
  1524 | D:2      | Found a bloodstained altar of Trog.
  1548 | D:2      | Reached skill level 6 in Staves
  1548 | D:2      | Reached XP level 4. HP: 33/37 MP: 3/3
  2118 | D:3      | You fall into a shaft and drop 2 floors!
  2118 | D:5      | Entered Level 5 of the Dungeon
  2183 | D:5      | Noticed Eustachio
  2196 | D:5      | HP: 1/37 [quasit[Eustachio] (2)]
  2198 | D:5      | Slain by Eustachio

Illustrated notes

Levels and vault maps discovered:
D:1:      elethiomel_arrival_maze, layout_loops_ring
D:2:      layout_basic, bloody_trog, chequers_ecumenical_altar_simple_redux,
          dk_noncrumbling_4
D:3:      layout_basic, tgw_sif
D:5:      layout_basic, uniq_duvessa, uniq_menkaure, uniq_eustachio,
          uniq_sigmund

Skill      XL: |  1  2  3 |
---------------+----------+-----
Staves         | 4 5 6 |  6.7
Fighting       | |  2.4
Throwing       | |  2.0
Dodging        | |  3.2

Action                   |  1- 3 |  4- 6 || total
-------------------------+-------+-------++-------
Melee: Quarterstaff      |    69 |    28 ||    97
       Headbutt          |     8 |     4 ||    12
 Stab: Distracted        |     1 |       ||     1
       Sleeping          |       |     1 ||     1
  Eat: Chunk             |     2 |     2 ||     4
Armor: Leather armour    |    16 |     3 ||    19
Dodge: Dodged            |    50 |    32 ||    82
